 Dungeon Crawl Stone Soup version 0.22.1-6-g1668fe2 (webtiles) character file.

157 senseless the Cudgeler (level 5, -7/39 HPs)
             Began as a Demonspawn Gladiator on Jan 12, 2019.
             Was a Believer of Cheibriados.
             Killed by divine providence
             ... invoked by an orc priest
              (14 damage)
             ... on level 3 of the Dungeon on Jan 17, 2019.
             The game lasted 00:09:23 (2383 turns).

senseless the Cudgeler (Demonspawn Gladiator)       Turns: 2383, Time: 00:09:25

Health: -7/39      AC: 12    Str: 22    XL:     5   Next: 15%
Magic:  14/14      EV: 10    Int: 15    God:    Cheibriados [**....]
Gold:   177        SH:  0    Dex: 20    Spells: 4/4 levels left

rFire    . . .     SeeInvis .   a - +0 flail
rCold    . . .     Gourm    +   (no shield)
rNeg     . . .     Faith    .   q - +3 chain mail
rPois    .         Spirit   .   (helmet restricted)
rElec    .         Reflect  .   (no cloak)
rCorr    .         Harm     .   g - +0 pair of gloves
MR       .....                  (no boots)
Stlth    ..........             l - amulet of the gourmand
HPRegen  0.13/turn              t - ring of magical power
MPRegen  0.14/turn              (no ring)

@: very slow
A: horns 1, sturdy frame 1
a: Bend Time, Renounce Religion


You were on level 3 of the Dungeon.
You worshipped Cheibriados.
Cheibriados was pleased with you.
You were very full.

You visited 1 branch of the dungeon, and saw 3 of its levels.

You collected 177 gold pieces.

Inventory:

Hand Weapons
 a - a +0 flail (weapon)
Missiles
 d - 3 throwing nets (quivered)
Armour
 b - a +0 leather armour
 c - a +0 helmet
 g - a +0 pair of gloves (worn)
 i - a +0 ring mail
 k - a +0 chain mail
 q - a +3 chain mail (worn)
Jewellery
 l - an amulet of the gourmand (around neck)
 t - a ring of magical power (left hand)
Wands
 m - a wand of flame (33)
Scrolls
 h - a scroll of amnesia
 o - a scroll of teleportation
Potions
 e - a potion of brilliance {unknown}
 j - a potion of berserk rage {unknown}
 n - a potion of haste {unknown}
 p - a potion of magic {unknown}
 s - a potion of heal wounds {unknown}
Comestibles
 f - a ration


   Skills:
 + Level 2.6 Fighting
 + Level 4.2 Maces & Flails
 + Level 2.0 Throwing
 + Level 1.2 Armour
 + Level 3.3 Dodging
 + Level 0.5 Stealth


You had 4 spell levels left.
You didn't know any spells.
Your spell library was empty.

Dungeon Overview and Level Annotations

Branches:
Dungeon (3/15)

Altars:
Ashenzari
Cheibriados
Kikubaaqudgha
Nemelex Xobeh
Xom
The Shining One


Innate Abilities, Weirdness & Mutations

You have a pair of small horns on your head.
Your movements are slightly less encumbered by armour. (ER -2)


Message History

The orc priest shouts! x2
The orc priest invokes the aid of Beogh against you.
Pain shoots through your body!
You see here a dagger.
You are too injured to fight recklessly!
You are too injured to fight recklessly!
You are too injured to fight recklessly!
You hit the orc priest but do no damage.
The orc priest misses you.
You hit the orc priest. Your headbutt misses the orc priest.
The orc priest is moderately wounded.
The orc priest calls down the wrath of Beogh upon you.
Beogh smites you!
* * * LOW HITPOINT WARNING * * *
The orc priest hits you but does no damage.
You hit the orc priest.
The orc priest is severely wounded.
The orc priest invokes the aid of Beogh against you.
Beogh smites you!
You die...

#.# .# #
#######.####.# #
#..........#.###
#####.............(#
#....).........#.#o#
#.###............#.#
#.# #####.......##.#
#.#######.......##o#
................@o>#
..###########.#.####
......†.# #.#..
÷######.# #.#..
.######.#####.#..#
.##........# #..#
.##........# #..#
.##........# #.
.##........#


You could see 2 orc priests.

Vanquished Creatures
  Terence (D:2)
  Robin (D:2)
  3 adders
  A worm (D:3)
  4 dart slugs
  A leopard gecko (D:3)
  An orc (D:3)
  2 ball pythons
  6 giant cockroaches
  12 goblins
  11 hobgoblins
  11 jackals
  2 quokkas
  4 bats
  5 frilled lizards
  6 kobolds
  6 rats
77 creatures vanquished.

Notes
Turn   | Place    | Note
-------+----------+-------------------------------------------
     0 | D:1      | senseless the Demonspawn Gladiator began the quest for the
                  | Orb.
     0 | D:1      | Reached XP level 1. HP: 16/16 MP: 1/1
   131 | D:1      | Reached skill level 3 in Maces & Flails
   132 | D:1      | Gained mutation: You have a pair of small horns on your
                  | head. [demonic ancestry]
   132 | D:1      | Reached XP level 2. HP: 21/22 MP: 2/2
   166 | D:1      | Found a snail-covered altar of Cheibriados.
   174 | D:1      | Became a worshipper of Cheibriados the Contemplative
   479 | D:1      | Gained mutation: Your movements are slightly less
                  | encumbered by armour. (ER -2) [demonic ancestry]
   479 | D:1      | Reached XP level 3. HP: 22/27 MP: 3/3
   668 | D:1      | Reached * piety under Cheibriados
   932 | D:2      | Found a shattered altar of Ashenzari.
   942 | D:2      | Noticed Terence
   968 | D:2      | Killed Terence
   975 | D:2      | Reached XP level 4. HP: 6/34 MP: 4/4
  1270 | D:2      | Found a shimmering altar of Xom.
  1374 | D:2      | Reached skill level 1 in Armour
  1447 | D:2      | Reached ** piety under Cheibriados
  1462 | D:2      | Noticed Robin
  1477 | D:2      | Killed Robin
  1798 | D:2      | Found an ancient bone altar of Kikubaaqudgha.
  1802 | D:2      | Reached skill level 4 in Maces & Flails
  1835 | D:2      | Found a sparkling altar of Nemelex Xobeh.
  1871 | D:2      | Found a glowing golden altar of the Shining One.
  2175 | D:3      | Upgraded the game from 0.22.1-5-g62c59d9 to
                  | 0.22.1-6-g1668fe2
  2184 | D:3      | Reached XP level 5. HP: 37/39 MP: 5/5
  2383 | D:3      | Killed from afar by an orc priest

Skill      XL: |  1  2  3  4 |
---------------+-------------+-----
Maces & Flails | 3 4 |  4.2
Throwing       | 2 |  2.0
Dodging        | 3 |  3.3
Armour         | 1 |  1.2
Fighting       | |  2.6
Stealth        | |  0.5

Action                   |  1- 3 |  4- 6 || total
-------------------------+-------+-------++-------
Melee: Flail             |    98 |   122 ||   220
       Headbutt          |    13 |    25 ||    38
  Use: Scroll            |       |     3 ||     3
  Eat: Chunk             |       |    11 ||    11
Armor: Leather armour    |     6 |       ||     6
       Ring mail         |    14 |       ||    14
       Chain mail        |       |    94 ||    94
Dodge: Dodged            |    74 |    86 ||   160
